 Dungeon Crawl Stone Soup version 0.18-a0-1577-gf591c28 (webtiles) character file.

273 Tomstefer the Insei (level 6, 0/33 HPs)
             Began as a Vine Stalker Monk on Mar 20, 2016.
             Was a Believer of Cheibriados.
             Shot with an arrow by a centaur (5 damage)
             ... on level 3 of the Dungeon.
             The game lasted 00:04:55 (1629 turns).

Tomstefer the Insei (Vine Stalker Monk)             Turns: 1629, Time: 00:04:55

Health: 0/33       AC:  6    Str: 19    XL:     6   Next: 23%
Magic:  0/7        EV: 12    Int: 15    God:    Cheibriados [**....]
Gold:   124        SH:  0    Dex: 23    Spells: 0 memorised, 5 levels left

rFire  . . .     SeeInvis .       - Unarmed
rCold  . . .     Gourm    .     d - +0 ring mail
rNeg   . . .     Faith    .     (no shield)
rPois  .         Spirit   +     j - +0 helmet
rElec  .         Dismiss  .     (no cloak)
rCorr  .         Reflect  .     (no gloves)
SustAt .         Harm     .     (no boots)
MR     .....                    (no amulet)
Stlth  ++........               (no ring)
                                (no ring)

@: very slow, not resistant to hostile enchantments, unstealthy
A: fangs 2, regeneration 2, magic shield, antimagic bite, no device heal 3, rot
immunity
a: Bend Time, Renounce Religion


You were on level 3 of the Dungeon.
You worshipped Cheibriados.
Cheibriados was pleased with you.
You were not hungry.

You visited 1 branch of the dungeon, and saw 3 of its levels.

You collected 124 gold pieces.

Inventory:

Armour
 a - a +0 robe
 d - a +0 ring mail (worn)
 i - a +0 shield
 j - a +0 helmet (worn)
Jewellery
 t - an uncursed ring of positive energy {unknown}
 u - a cursed ring of teleportation {unknown}
Scrolls
 e - 3 scrolls of identify {unknown}
 g - a scroll of immolation {unknown}
 h - 2 scrolls of fog {unknown}
 k - 2 scrolls of noise {unknown}
 m - a scroll of magic mapping {unknown}
 p - a scroll of blinking {unknown}
 r - a scroll of remove curse {unknown}
Potions
 f - a potion of cure mutation {unknown}
 n - a potion of resistance {unknown}
 q - a potion of brilliance {unknown}
 s - a potion of curing {unknown}
Comestibles
 b - a bread ration
 c - 2 meat rations
 l - 2 fruits
 o - a slice of pizza


   Skills:
 + Level 4.2 Fighting
 - Level 2.4 Dodging
 - Level 2.4 Stealth
 * Level 6.3 Unarmed Combat


You had 5 spell levels left.
You didn't know any spells.

Dungeon Overview and Level Annotations

Branches:
Dungeon (3/15)

Altars:
Cheibriados
Dithmenos
Fedhas
Makhleb
Nemelex Xobeh
Pakellas


Innate Abilities, Weirdness & Mutations

You have extremely sharp teeth.
You heal very quickly.
When hurt, damage is shared between your health and your magic reserves.
Your bite disrupts and absorbs the magic of your enemies.
Potions and wands cannot restore your health.
You are immune to rotting.


Message History

The centaur wields a shortbow.
The centaur shoots an arrow.
The arrow hits you but does no damage.
The centaur shoots an arrow.
The arrow hits you.
The centaur shoots an arrow.
The arrow hits you!
The centaur shoots an arrow.
The arrow hits you!
The centaur shoots an arrow.
The arrow closely misses you.
You see here an arrow.
The centaur shoots an arrow.
The arrow barely misses you.
The centaur shoots an arrow.
The arrow hits you!
You see here 2 arrows.
The centaur shoots an arrow.
The arrow hits you!
* * * LOW HITPOINT WARNING * * *
You see here an arrow.
Drink which item? (? for menu, Esc to quit)
Okay, then.
Read which item? (? for menu, Esc to quit)
Okay, then.
The centaur shoots an arrow.
The arrow barely misses you.
The centaur shoots an arrow.
The arrow hits you.
You die...

##.###.#####.# #.....####....
####.###>...>..# ##......#####.
#.......######## #.##....# #.
#.######################..# #.
#.##...................#..####.
#.###...#...#...#...#..#....###
#.#............((....c_#..#.###
#...#..[#...#..(#...#..#..#....
####..........@........#.......
######################.#....
##.## ## .....### ##...##
......##### #.....# #.###.
##...#### #.# # ##.###.##
#.#### #.##...## ###....#
###### #.......# #......#
#.....


You could see a centaur.

Vanquished Creatures
  The ghost of Tomstefer the Ruffian, an amateur VSMo (D:3)
  Terence (D:2)
  3 adders (D:3)
  2 worms
  3 giant geckos
  3 goblins
  2 hobgoblins (D:2)
  5 jackals (D:2)
  4 quokkas
  A ball python (D:2)
  3 giant newts
  4 kobolds
  36 rats
68 creatures vanquished.

Notes
Turn   | Place    | Note
--------------------------------------------------------------
     0 | D:1      | Tomstefer the Vine Stalker Monk began the quest for the Orb.
     0 | D:1      | Reached XP level 1. HP: 11/11 MP: 2/2
   114 | D:1      | You fall through a shaft!
   144 | D:2      | Found a burning altar of Makhleb.
   204 | D:2      | Reached XP level 2. HP: 13/16 MP: 1/3
   397 | D:2      | Noticed Terence
   420 | D:2      | Killed Terence
   420 | D:2      | Reached XP level 3. HP: 11/20 MP: 2/4
   859 | D:2      | Reached XP level 4. HP: 22/24 MP: 5/5
   896 | D:2      | Reached skill level 5 in Unarmed Combat
  1056 | D:3      | Found an oddly glowing altar of Pakellas.
  1090 | D:3      | Found a snail-covered altar of Cheibriados.
  1097 | D:3      | Became a worshipper of Cheibriados the Contemplative
  1097 | D:3      | Reached * piety under Cheibriados
  1097 | D:3      | Reached ** piety under Cheibriados
  1137 | D:3      | Found a blossoming altar of Fedhas.
  1405 | D:3      | Found a shadowy altar of Dithmenos.
  1409 | D:3      | Reached XP level 5. HP: 27/29 MP: 6/6
  1454 | D:3      | Noticed Tomstefer's ghost (amateur VSMo)
  1466 | D:3      | Killed Tomstefer's ghost
  1466 | D:3      | Reached skill level 6 in Unarmed Combat
  1466 | D:3      | Gained mutation: You heal very quickly. [Vine Stalker growth]
  1466 | D:3      | Reached XP level 6. HP: 7/33 MP: 5/7
  1623 | D:3      | Found a sparkling altar of Nemelex Xobeh.
  1629 | D:3      | Shot with an arrow by a centaur

Vault maps used:
D:1:      minmay_arrival_checkered_box, grunt_decor_arrowhead
D:2:      old_standard_altar, minmay_rats_cheesy_pizza, uniq_terence
D:3:      overflow_temple_1_default, lemuel_coloured_pillars_altar,
          nicolae_overflow_crystal_walls, lemuel_crystal_altar,
          lemuel_round_altar

Skill      XL: |  1  2  3  4  5 |
---------------+----------------+-----
Fighting       | 3 4 |  4.2
Unarmed Combat | 5 6 |  6.3
Dodging        | |  2.4
Stealth        | |  2.4

Action                   |  1- 3 |  4- 6 || total
-------------------------+-------+-------++-------
Melee: Unarmed           |    77 |    88 ||   165
 Stab: Sleeping          |       |     1 ||     1
  Eat: Chunk             |       |     2 ||     2
